 Dungeon Crawl Stone Soup version 0.30.1-4-g462c640d31 (webtiles) character file.

Game seed: 14260581444435890561

386 Cheops the Caller (level 6, -9/67 HPs)
             Began as a Draconian Summoner on Sept 11, 2023.
             Killed by divine providence
             ... invoked by an orc priest
              (14 damage)
             ... on level 4 of the Dungeon.
             The game lasted 00:13:31 (3117 turns).

Cheops the Caller (Draconian Summoner)              Turns: 3117, Time: 00:13:32

Health: -9/67      AC: 23    Str: 10    XL:     6   Next: 48%
Magic:  6/10       EV:  2    Int: 18    God:
Gold:   9          SH:  0    Dex: 11    Spells: 2/11 levels left

rFire   . . .        a - +2 spear (heavy)
rCold   . . .        (no shield)
rNeg    . . .        (body armour unavailable)
rPois   +            (helmet currently unavailable)
rElec   .            h - melded +0 cloak
rCorr   .            (gloves currently unavailable)
SInv    .            (boots currently unavailable)
Will    .....        (no amulet)
Stlth   ++           (no ring)
HPRegen 0.31/turn    (no ring)
MPRegen 0.12/turn

%: no passive effects
@: tree-form
A: stationary, stasis, torment immunity, boosted hp, AC +6, unfitting armour,
(cold-blooded)
a: no special abilities


You were on level 4 of the Dungeon.
You were a tree.
You visited 1 branch of the dungeon, and saw 4 of its levels.

You collected 109 gold pieces.
You spent 100 gold pieces at shops.

Inventory:

Hand Weapons
 a - a +2 heavy spear (weapon)
 k - a +0 dagger
 m - a +0 spear
 q - the +7 long sword of Ragnarok {flame, *Corrode Will++}
   (You found it on level 3 of the Dungeon)

   *Corrode:  It may corrode you when you take damage.
   Will:      It greatly increases your willpower.
Missiles
 b - a throwing net
Armour
 h - a +0 cloak (melded)
 u - a scarf of harm
Scrolls
 d - a scroll of blinking {unknown}
 e - 2 scrolls of identify {unknown}
 l - 2 scrolls of noise {unknown}
 n - a scroll of immolation {unknown}
 o - a scroll of teleportation {unknown}
 p - a scroll of enchant weapon {unknown}
 r - a scroll of vulnerability {unknown}
 s - a scroll of magic mapping {unknown}
 t - 2 scrolls of fog
 x - a scroll of fear {unknown}
Potions
 c - a potion of cancellation {unknown}
 f - 2 potions of lignification
 g - 2 potions of heal wounds {unknown}
 i - a potion of magic
 j - 2 potions of curing {unknown}
 v - a potion of haste
 w - 2 potions of flight {unknown}


   Skills:
 - Level 2.2 Dodging
 - Level 2.3 Stealth
 - Level 3.0 Spellcasting
 + Level 7.1 Summonings


You had 2 spell levels left.
You knew the following spells:

 Your Spells              Type           Power      Damage    Failure   Level
c - Call Canine Familiar  Summ           28%        N/A       2%          3
i - Call Imp              Summ           56%        N/A       1%          2
m - Summon Small Mammal   Summ           100%       N/A       1%          1
G - Summon Guardian Gole  Hex/Summ       15%        N/A       12%         3

Your spell library contained the following spells:

 Spells                   Type           Power      Damage    Failure   Level
 Summon Lightning Spire   Summ/Air       15%        N/A       36%         4


Dungeon Overview and Level Annotations

Branches:
Dungeon (4/15)
 Temple: D:4-7

Altars:

Shops:
D:3 *


Innate Abilities, Weirdness & Mutations

You are a tree.
Your roots penetrate the ground, keeping you stationary.
You cannot be teleported.
You are immune to unholy pain and torment.
Your maximum health is greatly increased.
Your equipment is partially melded.
((Your plain brown scales are hard. (AC +6)))
You cannot fit into any form of body armour.
((You are cold-blooded and may be slowed by cold attacks.))


Message History

You closely miss the orc priest. You tail-slap the orc priest.
You kill the orc priest!
The orc priest hits you with a +0 short sword.
* * * LOW HITPOINT WARNING * * *
Something hits you but does no damage.
Your hound bites something.
Something hits you.
* * * LOW HITPOINT WARNING * * *
The orc priest hits you with a +0 short sword.
* * * LOW HITPOINT WARNING * * *
Your hound barely misses something.
Your cerulean imp barely misses the orc priest.
Your hound bites something but does no damage.
The orc priest hits your hound with a +0 short sword.
Something closely misses your hound.
It was a potion of lignification.
You turn into a tree.
Your +0 cloak melds into your body.
Your roots penetrate the ground.
Your hound barely misses the orc priest.
Your cerulean imp misses the orc priest.
The orc priest completely misses your hound.
Something closely misses your hound.
Reach: a) +2 spear (heavy)
Press: ? - help, Dir - move target, f - orc priest
Aim: an orc priest, wielding a +0 short sword (ally target, about 40% to evade your +2 heavy spear)
You could not reach far enough!
Your hound bites the orc priest.
Your cerulean imp hits the orc priest but does no damage.
Your hound bites the orc priest.
The orc priest invokes the aid of Beogh against your hound.
Your hound barely resists.
Something hits your hound.
Your cerulean imp hits the orc priest from afar with a -2 spear.
Your hound barely misses the orc priest.
Reach: a) +2 spear (heavy)
Press: ? - help, Dir - move target, f/p - orc priest
Aim: an orc priest, wielding a +0 short sword (severely wounded, not watching you, ally target, about 40% to evade your +2 heavy spear)
You reach to attack!
You closely miss the orc priest.
The orc priest is severely wounded.
Your hound misses the orc priest.
The orc priest calls down the wrath of Beogh upon you.
Beogh smites you!
You die...

...... ... ..... ##.
###.. ##.... ... ....
....# #.# #.. #...# #.#
###.. # #...# #.# ##....
.#..###{o# #.# ......
......).h######.# ######
.#..##5)♣.......# ####
#......#######.# #...
.......#######.######.##
...##.#................#
## #.#########.########
## ###


You could see an orc priest (ally target), a friendly hound (summoned) and a
friendly cerulean imp (summoned).

Vanquished Creatures
  An orc priest (D:4)
  An orc wizard (D:3)
  2 adders (D:3)
  A dart slug (D:2)
  An orc (D:4)
  A bat (D:2)
  5 endoplasms
  4 giant cockroaches
  2 hobgoblins
  A kobold (D:3)
  3 quokkas
  A ball python (D:3)
  A frilled lizard (D:3)
  A rat (D:3)
25 creatures vanquished.

Vanquished Creatures (collateral kills)
  A scorpion (D:4)
  A hound (D:4)
  An orc priest (D:2)
  An iguana (D:4)
  An orc wizard (D:2)
  2 worms
  2 orcs (D:3)
  2 ball pythons
  2 bats
  5 endoplasms
  A hobgoblin (D:2)
  4 jackals (D:2)
  A kobold (D:1)
  A rat (D:2)
25 creatures vanquished.

Vanquished Creatures (others)
  An ogre (D:4)
1 creature vanquished.

Grand Total: 51 creatures vanquished

Notes
Turn   | Place    | Note
-------+----------+-------------------------------------------
     0 | D:1      | Cheops the Draconian Summoner began the quest for the Orb.
     0 | D:1      | Reached XP level 1. HP: 14/14 MP: 3/3
   373 | D:1      | Reached XP level 2. HP: 19/20 MP: 3/5
   507 | D:1      | Learned a level 2 spell: Call Imp
  1089 | D:2      | Reached XP level 3. HP: 26/26 MP: 6/6
  1093 | D:2      | Learned a level 3 spell: Call Canine Familiar
  1431 | D:3      | Identified the +7 long sword of Ragnarok {flame, *Corrode
                  | Will++}
  1937 | D:3      | Found Cezekebi's General Store.
  1989 | D:2      | Reached XP level 4. HP: 29/33 MP: 1/8
  2070 | D:2      | Reached skill level 5 in Summonings
  2239 | D:3      | Reached XP level 5. HP: 38/38 MP: 6/9
  2274 | D:3      | Bought a potion of haste for 100 gold pieces
  2349 | D:3      | Found a faded altar of an unknown god.
  2594 | D:4      | Learned a level 3 spell: Summon Guardian Golem
  2669 | D:4      | Noticed an ogre
  2682 | D:4      | Killed an ogre
  2683 | D:4      | Reached skill level 6 in Summonings
  2980 | D:4      | Reached XP level 6. HP: 45/45 MP: 7/10
  3106 | D:4      | Reached skill level 7 in Summonings
  3113 | D:4      | HP: 2/45 [orc priest/+0 short sword (2)]
  3117 | D:4      | Killed from afar by an orc priest

Illustrated notes

Levels and vault maps discovered:
D:1:      dpeg_arrival_houses_and_road, layout_rooms
D:2:      layout_loops_ring
D:3:      layout_loops_ring, shapermc_ecumenical_altar_hornbeckon, serial_shops,
          nicolae_shop_advertising_works [nicolae_subvault_shop_adworks],
          chequers_decorated_corner, kennysheep_nub
D:4:      layout_basic

Skill      XL: |  1  2  3  4  5  6 |
---------------+-------------------+-----
Stealth        | 2 |  2.3
Dodging        | 2 |  2.2
Spellcasting   | 3 |  3.0
Summonings     | 5 6 7 |  7.1

Action                     |  1- 3 |  4- 6 || total
---------------------------+-------+-------++-------
  Melee: Unarmed           |    16 |       ||    16
         Tailslap          |     6 |     4 ||    10
         Punch             |     3 |       ||     3
         Spear             |    60 |    34 ||    94
         Dagger            |     3 |       ||     3
   Cast: Summon Small Mamm |    17 |       ||    17
         Call Canine Famil |     8 |     9 ||    17
         Call Imp          |     1 |     3 ||     4
         Summon Guardian G |       |     1 ||     1
    Use: Scroll            |       |     1 ||     1
         Potion            |       |     1 ||     1
   Stab: Sleeping          |     1 |     1 ||     2
         Distracted        |     1 |       ||     1
 Armour: Skin              |    34 |     8 ||    42
  Dodge: Dodged            |    54 |    18 ||    72
